 Dungeon Crawl Stone Soup version 0.28-a0-1616-g050a50673c (webtiles) character file.

Game seed: 8068946635113917789

3 Shayle the Magician (level 1, -1/18 HPs)
             Began as a Djinni Warper on Jan 23, 2022.
             Slain by a giant cockroach (2 damage)
             ... on level 1 of the Dungeon.
             The game lasted 00:02:09 (292 turns).

Shayle the Magician (Djinni Warper)                  Turns: 292, Time: 00:02:09

Health: -1/18      AC:  3    Str: 10    XL:     1   Next: 55%
Gold:   15         EV: 11    Int: 14    God:
                   SH:  0    Dex: 12

rFire   + + .      SeeInvis .     - Unarmed
rCold   x . .      Faith    .   (no shield)
rNeg    . . .      Spirit   .   a - +0 leather armour
rPois   ∞          Reflect  .   (no helmet)
rElec   .          Harm     .   (no cloak)
rCorr   .          Rampage  .   (no gloves)
Will    .....                   (boots unavailable)
Stlth   +.........              (no amulet)
HPRegen 0.06/turn               (no ring)
MPRegen 0.00/turn               (no ring)

@: flying
A: sickness immunity, fire resistance 2, cold vulnerability 1, float, innate
caster, hp casting, extra vitality 1
a: no special abilities


You were on level 1 of the Dungeon.
You visited 1 branch of the dungeon, and saw 1 of its levels.

You collected 15 gold pieces.

Inventory:

Missiles
 c - a boomerang of dispersal (quivered)
Armour
 a - a +0 leather armour (worn)
Scrolls
 b - a scroll of blinking
 d - a scroll of teleportation {unknown}


   Skills:
 + Level 2.1 Fighting
 - Level 0.7 Throwing
 - Level 1.0 Armour
 + Level 2.3 Dodging
 + Level 0.2 Stealth
 - Level 2.0 Unarmed Combat
 - Level 2.4 Spellcasting


You couldn't memorise any spells.
You knew the following spells:

 Your Spells              Type           Power      Damage    Failure   Level
a - Blink                 Tloc           16%        N/A       17%         2
b - Lesser Beckoning      Tloc           8%         N/A       34%         3
c - Gell's Gravitas       Tloc           8%         N/A       34%         3
d - Teleport Other        Tloc           8%         N/A       34%         3
e - Manifold Assault      Tloc           8%         N/A       97%         5
Your spell library was empty.

Dungeon Overview and Level Annotations

Branches:
Dungeon (1/15)

Altars:


Innate Abilities, Weirdness & Mutations

You are immune to sickness and miasma.
You are immune to poison.
Your flesh is very heat resistant. (rF++)
You are vulnerable to cold. (rC-)
You float through the air rather than walking.
You learn spells naturally, not from books.
Your magical power is your life essence.
You have superior vitality. (+4 MHP)


Message History

The giant cockroach bites you but does no damage.
The frilled lizard hisses angrily.
The frilled lizard bites you.
You completely miss the frilled lizard. The giant cockroach bites you.
You miss the frilled lizard. The frilled lizard closely misses you.
The giant cockroach bites you but does no damage.
You hit the frilled lizard.
You kill the frilled lizard!
The giant cockroach barely misses you.
The rat twitches its whiskers.
The giant cockroach bites you. The giant cockroach closely misses you.
The giant cockroach barely misses you. The giant cockroach barely misses you.
The endoplasm quivers.
The endoplasm jiggles.
The giant cockroach bites you.
* * * LOW HITPOINT WARNING * * *
The endoplasm hits you.
* * * LOW HITPOINT WARNING * * *
The giant cockroach misses you. The giant cockroach barely misses you.
A hobgoblin comes into view.
The hobgoblin shouts!
The giant cockroach bites you.
* * * LOW HITPOINT WARNING * * *
The giant cockroach barely misses you.
The goblin shouts!
The giant cockroach closely misses you.
Found 15 gold pieces.
The goblin hits you with a +0 club.
* * * LOW HITPOINT WARNING * * *
The goblin barely misses you.
The giant cockroach bites you but does no damage.
There is a fountain of clear blue water here.
The giant cockroach closely misses you.
The giant cockroach bites you but does no damage.
The giant cockroach bites you.
* * * LOW HITPOINT WARNING * * *
The giant cockroach bites you.
You die...

..# #.# #.# #.≈.#≈.#.≈#.≈ #.##
#.# #r# # ###l≈.#≈...≈#.§ ....
#.# #J# #.####g..≈8#≈≈≈≈≈#.≈ #.##
#.###.###.#...#..≈.######### #
#............###.≈..8......g
#.........#.#.#..≈≈≈≈≈≈≈≈≈≈≈
#.##.#.g.###...#.##..############
.........#).##.......#
#.#####.#.⌠⌠[#.#@##### #
#.#$⌠⌠J#.#B# ## #.##..#..#l# ..#
#...###g.B.# #.###.#.g.rg#g.#
#.##..##.#.##.## ##.............#
##...###.######## .....###.#


You could see 2 giant cockroaches, a goblin and a frilled lizard.

Vanquished Creatures
  A ball python (D:1)
  A bat (D:1)
  A frilled lizard (D:1)
  A kobold (D:1)
4 creatures vanquished.

Notes
Turn   | Place    | Note
-------+----------+-------------------------------------------
     0 | D:1      | Shayle the Djinni Warper began the quest for the Orb.
     0 | D:1      | Reached XP level 1. HP: 18/18 MP: 0/0
   292 | D:1      | Slain by a giant cockroach

Illustrated notes

Levels and vault maps discovered:
D:1:      lightli_arrival_isolated_outpost, layout_loops_ring,
          minmay_tetromino_l4

Action                   || total
-------------------------++-------
Melee: Unarmed           ||    11
Throw: Boomerang         ||     4
  Use: Scroll            ||     1
Armor: Leather armour    ||    28
Dodge: Dodged            ||    50

Table legend: (Time is in decaauts)
 A = Elapsed time spent in this place.
 B = Non-inter-level travel time spent in this place.
 C = Inter-level travel time spent in this place.
 D = Time resting spent in this place.
 E = Time spent auto-exploring this place.
 F = Levels seen in this place.
 G = Mean time per level.
                   A        B        C        D        E       F      G
               +--------+--------+--------+--------+--------+-----+--------+
         Total |    292 |    292 |      0 |      0 |     60 |   1 |  292.0 |
       Dungeon |    292 |    292 |      0 |      0 |     60 |   1 |  292.0 |
               +--------+--------+--------+--------+--------+-----+--------+

Top non-repeatable levels by time:
     D:1: 292 daAuts
